[ AOE2 MATCH · #505688918 ]
UnrankedJurchens vs Persians
Player's team · LOSS
Rival team · WIN
[ REPLAY ANALYSIS · EXTRACTED FROM THE RECORDED GAME ]
Feudal
9:36
Castle
—
Imperial
—
| APM avg | 71.9 |
| APM peak | 120 |
| eAPM avg | 19.7 |
| Villagers / military | 21 / 0 |
Focus
⚔️ 14.7% · 🌾 85.3%
Feudal
—
Castle
—
Imperial
—
| APM avg | 36.3 |
| APM peak | 61 |
| eAPM avg | 14.4 |
| Villagers / military | 27 / 0 |
Focus
⚔️ 29.8% · 🌾 70.2%
Match map
Initial resources + every placement click. Lines = walls · curves = elevation contours. ◆ gold · ⬟ stone · ● berries · ✦ relic · ◌ wall gap
Your base· Open — 1t gap
andreamancassola12's base· Open — 3t gap
Smoothed initial terrain · ◌ = detected wall gap · hover for details
Inputs per minute
— Lukeario23 - - andreamancassola12
Build order — Lukeario23
32 actions detected in the replay
| 0:00 | Queue | Villager (Male) |
| 0:01 | Queue | Villager (Male) |
| 0:01 | Queue | Villager (Male) |
| 0:03 | Build | House |
| 0:05 | Build | House |
| 1:18 | Queue | Villager (Male) |
| 1:32 | Queue | Villager (Male) |
| 1:52 | Build | Lumber Camp |
| 2:02 | Queue | Villager (Male) |
| 2:23 | Queue | Villager (Male) |
| 2:48 | Queue | Villager (Male) |
| 3:15 | Queue | Villager (Male) |
| 3:16 | Queue | Villager (Male) |
| 3:33 | Queue | Villager (Male) |
| 3:33 | Queue | Villager (Male) |
| 3:51 | Build | House |
| 4:02 | Queue | Villager (Male) |
| 4:25 | Research | Loom |
| 5:04 | Queue | Villager (Male) |
| 5:22 | Queue | Villager (Male) |
| 5:28 | Queue | Villager (Male) |
| 5:37 | Queue | Villager (Male) |
| 6:40 | Build | Mill |
| 6:46 | Queue | Villager (Male) |
| 7:26 | Research | Feudal Age |
| 7:43 | Build | House |
| 9:36 | Age | Feudal Age |
| 9:38 | Queue | Villager (Male) |
| 10:01 | Queue | Villager (Male) |
| 10:27 | Build | Barracks |
| 10:33 | Queue | Villager (Male) |
| 10:36 | Build | House |
Build order — andreamancassola12
56 actions detected in the replay
| 0:00 | Queue | Villager (Male) |
| 0:00 | Queue | Villager (Male) |
| 0:01 | Queue | Villager (Male) |
| 0:02 | Build | House |
| 0:03 | Build | House |
| 0:18 | Queue | Villager (Male) |
| 0:18 | Queue | Villager (Male) |
| 0:19 | Queue | Villager (Male) |
| 1:22 | Queue | Villager (Male) |
| 1:41 | Build | Lumber Camp |
| 2:04 | Queue | Villager (Male) |
| 2:04 | Queue | Villager (Male) |
| 3:09 | Queue | Villager (Male) |
| 3:09 | Queue | Villager (Male) |
| 3:12 | Queue | Villager (Male) |
| 3:12 | Queue | Villager (Male) |
| 3:21 | Build | House |
| 3:52 | Queue | Villager (Male) |
| 4:34 | Queue | Villager (Male) |
| 5:06 | Queue | Villager (Male) |
| 5:06 | Research | Loom |
| 6:03 | Build | Town Center |
| 6:05 | Build | Palisade Wall |
| 6:21 | Build | Mill |
| 7:02 | Queue | Villager (Male) |
| 7:05 | Queue | Villager (Male) |
| 7:12 | Build | House |
| 7:14 | Build | Palisade Wall |
| 8:14 | Queue | Villager (Male) |
| 8:30 | Build | House |
| 8:32 | Build | House |
| 8:46 | Queue | Villager (Male) |
| 8:46 | Queue | Villager (Male) |
| 8:56 | Build | Palisade Wall |
| 9:06 | Build | Palisade Wall |
| 9:09 | Build | Palisade Wall |
| 9:11 | Build | Palisade Wall |
| 9:14 | Build | Palisade Wall |
| 9:29 | Build | Palisade Wall |
| 9:30 | Build | Palisade Wall |
| 9:31 | Build | Palisade Wall |
| 9:32 | Queue | Villager (Male) |
| 9:43 | Build | Palisade Wall |
| 9:45 | Build | Palisade Wall |
| 9:46 | Build | Palisade Wall |
| 9:47 | Build | Palisade Wall |
| 9:48 | Build | Palisade Wall |
| 9:48 | Build | Palisade Wall |
| 10:26 | Build | Palisade Wall |
| 10:27 | Build | Palisade Wall |
| 10:28 | Queue | Villager (Male) |
| 10:41 | Build | Palisade Wall |
| 11:11 | Queue | Villager (Male) |
| 11:12 | Queue | Villager (Male) |
| 11:56 | Queue | Villager (Male) |
| 11:56 | Queue | Villager (Male) |
Match timeline
| 6:05 | andreamancassola12 · wall_segment Palisade Wall x1 |
| 7:14 | andreamancassola12 · wall_segment Palisade Wall x1 |
| 8:56 | andreamancassola12 · wall_segment Palisade Wall x1 |
| 9:06 | andreamancassola12 · wall_segment Palisade Wall x1 |
| 9:09 | andreamancassola12 · wall_segment Palisade Wall x1 |
| 9:11 | andreamancassola12 · wall_segment Palisade Wall x1 |
| 9:14 | andreamancassola12 · wall_segment Palisade Wall x1 |
| 9:29 | andreamancassola12 · wall_segment Palisade Wall x1 |
| 9:30 | andreamancassola12 · wall_segment Palisade Wall x1 |
| 9:31 | andreamancassola12 · wall_segment Palisade Wall x1 |
| 9:36 | Lukeario23 · age_up feudal |
| 9:43 | andreamancassola12 · wall_segment Palisade Wall x2 |
| 9:45 | andreamancassola12 · wall_segment Palisade Wall x1 |
| 9:46 | andreamancassola12 · wall_segment Palisade Wall x1 |
| 9:47 | andreamancassola12 · wall_segment Palisade Wall x1 |
| 9:48 | andreamancassola12 · wall_segment Palisade Wall x1 |
| 9:48 | andreamancassola12 · wall_segment Palisade Wall x1 |
| 10:26 | andreamancassola12 · wall_segment Palisade Wall x1 |
| 10:27 | Lukeario23 · first_building Barracks |
| 10:27 | andreamancassola12 · wall_segment Palisade Wall x1 |
| 10:41 | andreamancassola12 · wall_segment Palisade Wall x3 |
| 12:04 | Lukeario23 · resign |
[ AI ANALYSIS · 1 CREDIT ]
What really happened in this match?
Wolo.gg analyzes every decision: build order, eco, micro, common mistakes by bracket. Personalized analysis on WhatsApp or Discord in 30 seconds.
Civ guide
Jurchens
Perfil
Jugador #20364060